 Dungeon Crawl Stone Soup version 0.30.0-5-g1a98f26d00 (webtiles) character file.

Game seed: 1515379594533950374

93 SeerSkye the Cudgeller (level 4, 0/60 HPs)
             Began as an Armataur Berserker on May 9, 2023.
             Was a Believer of Trog.
             Succumbed to a gnoll's poison
             ... on level 3 of the Dungeon.
             The game lasted 00:05:15 (1479 turns).

SeerSkye the Cudgeller (Armataur Berserker)         Turns: 1479, Time: 00:05:16

Health: 0/60       AC:  5    Str: 24    XL:     4   Next: 37%
Magic:  4/4        EV:  9    Int:  7    God:    Trog [**....]
Gold:   46         SH:  0    Dex: 10    Spells: 3/3 levels left

rFire   . . .        a - +0 mace
rCold   . . .        (no shield)
rNeg    . . .        c - +0 leather armour
rPois   .            q - +0 helmet
rElec   .            (no cloak)
rCorr   .            (no gloves)
SInv    .            (no barding)
Will    .....        (no amulet) Stlth
                     (no ring)
HPRegen 0.30/turn    (no ring)
MPRegen 0.09/turn

%: roll
@: berserking, lethally poisoned (0 -> -9), very quick
A: large, rugged brown scales 3, deformed body, armoured tail, roll, long
tongue, awkward tongue
a: Renounce Religion, Berserk, Trog's Hand


You were on level 3 of the Dungeon.
You worshipped Trog.
Trog was pleased with you.
You visited 1 branch of the dungeon, and saw 3 of its levels.

You collected 46 gold pieces.

Inventory:

Hand Weapons
 a - a +0 mace (weapon)
Missiles
 i - 3 boomerangs (quivered)
 j - 6 poisoned darts
Armour
 c - a +0 leather armour (worn)
 q - a +0 helmet (worn)
Wands
 m - a wand of light (12)
Scrolls
 e - a scroll of immolation {unknown}
 g - 3 scrolls of fear {unknown}
 h - 3 scrolls of teleportation {unknown}
 k - 2 scrolls of amnesia {unknown}
 l - a scroll of identify {unknown}
 p - a scroll of enchant weapon {unknown}
Potions
 b - a potion of magic {unknown}
 d - 4 potions of attraction {unknown}
 f - 3 potions of mutation {unknown}
 n - 2 potions of degeneration {unknown}
 o - a potion of curing {@q1}


   Skills:
 + Level 3.0 Fighting
 * Level 4.6 Maces & Flails
 - Level 2.4 Armour
 - Level 1.3 Dodging


You had 3 spell levels left.
You didn't know any spells.
Your spell library was empty.

Dungeon Overview and Level Annotations

Branches:
Dungeon (3/15) Zot: 16491

Altars:
The Shining One


Innate Abilities, Weirdness & Mutations

You are completely covered in rugged brown scales. (AC +3, +7% HP)
Armour fits poorly on your strangely shaped body.
You have a long armoured tail.
You roll when moving toward enemies. (Rampage)
Your long tongue fully drains potion bottles. (2x potion effects)
Your tongue gives you trouble enunciating. (1.5x scroll delay)


Message History

The gnoll barely misses you.
The gnoll hits you from afar with a +0 halberd of venom!
* * * LOW HITPOINT WARNING * * *
You are poisoned.
A red film seems to cover your vision as you go berserk!
You feel yourself moving faster!
You feel mighty!
You feel very sick. The gnoll hits you with a +0 spear.
* * * LOW HITPOINT WARNING * * *
The gnoll barely misses you.
You thump the gnoll!
You kill the gnoll!
Trog accepts your kill.
You feel sick. The gnoll barely misses you.
A gnoll comes into view. It is wielding a +0 whip.
You feel sick.
The gnoll shouts!
The gnoll hits you with a +0 halberd of venom!
* * * LOW HITPOINT WARNING * * *
You are lethally poisoned!
The gnoll moves out of view.
Things that are here:
a +0 spear; a gnoll corpse You are too berserk!
You sock the gnoll!
You kill the gnoll!
Trog accepts your kill.
* * * LOW HITPOINT WARNING * * *
You feel very sick.
A gnoll comes into view. It is wielding a +0 whip.
Your Fighting skill increases to level 3!
* * * LOW HITPOINT WARNING * * *
You feel sick.
Things that are here:
a +0 halberd of venom; a gnoll corpse You roll towards the gnoll!
You barely miss the gnoll.
* * * LOW HITPOINT WARNING * * *
You feel sick. The gnoll closely misses you.
You barely miss the gnoll.
You die...

#.# #.# ######
#.###.g..#
###.#.)@g..#
..#.#)#.#..#
#.#.#.#.#.....
#.#.#.#.#.#####
######.#.#.#....
#........#.###.#
#.###.##.#.# .#
#.###....#'###g#
#............#


You could see 2 gnolls.

Vanquished Creatures
  Jessica (D:2)
  2 gnolls (D:3)
  An adder (D:2)
  A dart slug (D:2)
  4 bats (D:1)
  3 endoplasms
  A giant cockroach (D:1)
  3 hobgoblins
  3 jackals (D:2)
  5 ball pythons
  5 frilled lizards
  2 goblins
  4 kobolds
  6 rats
41 creatures vanquished.

Notes
Turn   | Place    | Note
-------+----------+-------------------------------------------
     0 | D:1      | SeerSkye the Armataur Berserker began the quest for the
                  | Orb.
     0 | D:1      | Reached XP level 1. HP: 19/19 MP: 1/1
    56 | D:1      | Reached skill level 3 in Maces & Flails
   190 | D:1      | Reached XP level 2. HP: 26/26 MP: 2/2
   369 | D:1      | Reached ** piety under Trog
   793 | D:2      | Noticed Jessica
   802 | D:2      | Killed Jessica
   803 | D:2      | Reached skill level 4 in Maces & Flails
   803 | D:2      | Reached XP level 3. HP: 28/32 MP: 3/3
   965 | D:2      | Found a glowing golden altar of the Shining One.
  1187 | D:2      | Reached XP level 4. HP: 39/39 MP: 4/4
  1477 | D:3      | HP: 3/60 [poisoned by a gnoll]
  1479 | D:3      | Succumbed to a gnoll's poison

Illustrated notes

Levels and vault maps discovered:
D:1:      minmay_arrival_four_loops, layout_basic
D:2:      layout_basic, basic_altar, serial_bayou_pond_e,
          kennysheep_generic_room_10, uniq_jessica
D:3:      layout_basic, grunt_gozag_breadcrumbs, ebering_ecumenical_altar_hall,
          serial_bayou_lake_a

Skill      XL: |  1  2  3  4 |
---------------+-------------+-----
Maces & Flails | 3 4 |  4.6
Fighting       | 3 |  3.0
Armour         | |  2.4
Dodging        | |  1.3

Action                     |  1- 3 |  4- 6 || total
---------------------------+-------+-------++-------
  Melee: Mace              |    89 |    15 ||   104
         Tailslap          |     7 |     2 ||     9
 Invoke: Trog's Hand       |     1 |       ||     1
         Berserk           |     1 |     1 ||     2
 Armour: Leather armour    |    36 |     1 ||    37
  Dodge: Dodged            |    45 |    11 ||    56
